 Dungeon Crawl Stone Soup version 0.24-a0-347-g1a3e1d35ff (console) character file.

Game seed: 11899341552680762334

89497 Dragon00 the Warrior (level 15, -2/155 HPs)
             Began as a Minotaur Berserker on May 22, 2019.
             Was a High Priest of Trog.
             Shot with a bolt by a naga sharpshooter (22 damage)
             ... led by Vashnia
             ... on level 3 of the Snake Pit on May 23, 2019.
             The game lasted 02:35:08 (26480 turns).

Dragon00 the Warrior (Minotaur Berserker)          Turns: 26480, Time: 02:35:09

Health: -2/155     AC: 29    Str: 23    XL:     15   Next: 49%
Magic:  14/14      EV: 15    Int:  7    God:    Trog [*****.]
Gold:   1748       SH:  0    Dex: 17    Spells: 14/14 levels left

rFire    + . .     SeeInvis .   a - +10 battleaxe "Ykkiawet" {chop, Str+2}
rCold    . . .     Gourm    .   (shield currently unavailable)
rNeg     . . .     Faith    .   S - +5 plate armour {rF+}
rPois    +         Spirit   .   (helmet restricted)
rElec    .         Reflect  .   i - +1 cloak
rCorr    +         Harm     .   C - +0 pair of gloves of Objectivity {rCorr Int+3}
MR       +....                  (no boots)
Stlth    ..........             W - amulet of regeneration
HPRegen  0.75/turn              O - +3 ring of protection
MPRegen  0.14/turn              V - ring of poison resistance

@: berserk cooldown
A: retaliatory headbutt, horns 2
a: Berserk, Trog's Hand, Brothers in Arms, Renounce Religion


You were on level 3 of the Snake Pit.
You worshipped Trog.
Trog was extremely pleased with you.
You were very hungry.

You visited 5 branches of the dungeon, and saw 23 of its levels.
You visited the Abyss 1 time.
You also visited: Ice Cave and Volcano.

You collected 1748 gold pieces.

Inventory:

Hand Weapons
 a - the +10 battleaxe "Ykkiawet" (weapon) {chop, Str+2}
   (You found it on level 3 of the Lair of Beasts)

   It inflicts extra damage upon your enemies.
   It affects your strength (+2).
 b - a +1 hunting sling
 M - a +1 great mace of venom
Missiles
 f - 729 stones
 q - 8 boomerangs (quivered)
 x - 3 boomerangs of dispersal
 J - a sling bullet
Armour
 i - a +1 cloak (worn)
 C - the +0 pair of gloves of Objectivity (worn) {rCorr Int+3}
   (You found it on level 4 of the Dungeon)

   It affects your intelligence (+3).
   It provides partial protection from all sources of acid and corrosion.
 G - a scarf of resistance
 S - a +5 plate armour of fire resistance (worn)
Jewellery
 n - an uncursed amulet of the acrobat
 t - a +2 ring of strength
 u - a +1 ring of evasion
 O - a +3 ring of protection (left hand)
 Q - an uncursed ring of flight
 R - an uncursed ring of protection from magic
 T - a +1 ring of slaying
 V - a ring of poison resistance (right hand)
 W - an amulet of regeneration (around neck)
Wands
 e - a wand of acid (12)
 m - a wand of paralysis (24)
 p - a wand of polymorph (8)
 v - a wand of iceblast (23)
 w - a wand of scattershot (6)
 y - a wand of flame (51)
 I - a wand of digging (13)
 Y - a wand of enslavement (15)
Scrolls
 g - 4 scrolls of immolation
 h - 12 scrolls of remove curse
 o - 3 scrolls of fog
 s - 4 scrolls of enchant weapon
 z - a scroll of summoning
 H - 2 scrolls of blinking
 K - 6 scrolls of teleportation
 L - a scroll of holy word
 Z - a scroll of vulnerability
Potions
 d - 6 potions of curing
 j - 3 potions of brilliance
 k - 4 potions of haste
 l - 3 potions of resistance
 r - 5 potions of flight
 A - 3 potions of might
 B - 5 potions of lignification
 D - 2 potions of invisibility
 E - 2 potions of cancellation
 F - 2 potions of agility
 P - 2 potions of heal wounds
Comestibles
 c - 22 rations


   Skills:
 + Level 20.2 Fighting
 * Level 16.6 Axes
 + Level 15.0 Armour
 + Level 13.9 Dodging


You had 14 spell levels left.
You didn't know any spells.
Your spell library was empty.

Dungeon Overview and Level Annotations

Branches:
Dungeon (12/15)            Temple (1/1) D:7            Lair (6/6) D:11
 Shoals (0/4) Lair:2        Snake (3/4) Lair:4        Slime (1/5) Lair:5
    Orc (0/2) D:9

Altars:
Ashenzari
Cheibriados
Dithmenos
Elyvilon
Fedhas
Gozag
Hepliaklqana
Kikubaaqudgha
Makhleb
Nemelex Xobeh
Okawaru
Qazlal
Ru
Sif Muna
Trog
Uskayaw
Vehumet
Wu Jian
Xom
Yredelemnul
Zin
The Shining One

Shops:
D:5 :   D:10 :   Snake:2 [

Annotations:
D:2 2 transporters, Menkaure
D:3 3 runed translucent doors, M4edhros's ghost, weakling OpNe; Shaidar's ghost, amateur HOFi
D:7 Prince Ribbit
Lair:1 Sonja
Lair:3 3 runed translucent doors, Shaidar's ghost, journeyman MiBe
Lair:4 exclusion: oklob plant


Innate Abilities, Weirdness & Mutations

You reflexively headbutt those who attack you in melee.
You have a pair of horns on your head.


Message History

Your troll barely misses the naga sharpshooter.
Your troll claws the naga sharpshooter!
The naga sharpshooter spits poison at you.
The splash of poison misses your troll.
The splash of poison hits you but does no damage.
You resist.
Things that are here:
a bolt; 2 arrows Your troll bites the naga sharpshooter but does no damage.
Your troll claws the naga sharpshooter!
Your troll claws the naga sharpshooter but does no damage.
The naga sharpshooter casts a spell.
The naga sharpshooter magically shoots a bolt.
The bolt hits you but does no damage.
You see here a bolt.
Your troll bites the naga sharpshooter!
Your troll barely misses the naga sharpshooter.
Your troll claws the naga sharpshooter!!
The naga sharpshooter shoots a bolt.
The bolt hits you!!
You die...

█....███ ..██....█
..█.....█
█...................███
█...................█..
██......................
█.......................
█.......................
█.....................
█..................███
█....@..>..........█
██...(..NN.........█
█...(.TNN.........██
██...(█))(.........██
███.██.((((..)......
███........)......
██......N(.......
█........(.......
█.........(.......
█.......(.(.......
............(......


You could see 4 naga sharpshooters and a friendly troll (berserk).

Vanquished Creatures
  Vashnia (Snake:3)
  Rupert (D:12)
  A tentacled starspawn (Abyss:1)
  Kirke (D:12)
  A very ugly thing (IceCv)
  A red draconian (Volcano)
  4 naga warriors
  4 hydras
  Fannar (D:10)
  2 anacondas
  2 two-headed ogres
  6 death yaks (Lair:6)
  A tengu warrior (D:11)
  Urug (D:11)
  A thrashing horror (Abyss:1)
  5 naga sharpshooters
  4 shock serpents (Snake:2)
  13 spriggans (Lair:6)
  2 salamander mystics
  2 naga ritualists
  2 unseen horrors (D:11)
  An anaconda zombie (Abyss:1)
  2 mana vipers
  9 salamanders
  6 elephants (Lair:5)
  10 naga magi
  A smoke demon (Abyss:1)
  2 molten gargoyles (Volcano)
  A torpor snail (Lair:6)
  14 black mambas
  7 spiny frogs
  2 rime drakes
  7 komodo dragons
  A gargoyle (D:12)
  3 anaconda simulacra (IceCv)
  A demonic crawler (Abyss:1)
  4 polar bears
  2 trolls
  Grinder (D:5)
  2 slime creatures (Lair:5)
  15 hippogriffs
  6 hornets (Lair:6)
  A dream sheep (Lair:6)
  4 blink frogs (Lair:6)
  2 small abominations (Abyss:1)
  A wraith (D:12)
  A ynoxinul (Abyss:1)
  A dire elephant simulacrum (IceCv)
  A wyvern (D:12)
  28 yaks
  Sigmund (D:4)
  Eustachio (D:5)
  6 hogs (D:12)
  5 fire bats
  4 hungry ghosts
  A vampire mosquito (D:8)
  A basilisk (Lair:6)
  A steam dragon (D:12)
  A harpy simulacrum (IceCv)
  Edmund (D:5)
  21 nagas
  2 acid dragons
  16 water moccasins
  8 porcupines
  6 sky beasts
  12 orc warriors
  7 black bears
  9 ice beasts
  6 phantoms
  4 boggarts (Lair:6)
  An ogre (D:6)
  3 centaurs
  31 wolves
  8 crocodiles
  2 big kobolds
  16 bullfrogs
  Blork the orc (D:4)
  A wyvern skeleton (D:6)
  A water moccasin zombie (D:12)
  4 scorpions
  A water moccasin skeleton (D:6)
  15 killer bees
  2 howler monkeys (D:6)
  7 crimson imps
  A quasit (D:8)
  6 starcursed masses (Abyss:1)
  4 hounds
  6 lava snakes
  2 bullfrog zombies
  4 centaur skeletons
  A gnoll shaman (D:9)
  6 jellies
  10 orc priests
  2 bullfrog skeletons
  13 orc wizards
  8 iguanas
  8 worker ants
  A statue (D:8)
  A killer bee zombie (D:9)
  A hound zombie (D:8)
  A hound skeleton (D:4)
  3 worker ant zombies
  Robin (D:3)
  11 adders
  3 shadow imps
  2 oozes
  An adder skeleton (D:8)
  3 worms
  2 dart slugs (D:2)
  5 leopard geckos
  61 orcs
  A ball python (D:1)
  6 bats
  5 giant cockroaches
  14 goblins
  7 hobgoblins
  15 jackals
  12 kobolds
  6 quokkas
  3 frilled lizards
  2 leopard gecko skeletons (D:4)
  7 rats
  3 fungi
  A starspawn tentacle (Abyss:1)
647 creatures vanquished.

Vanquished Creatures (others)
  A bush (Lair:1)
  2 fungi (Lair:3)
  A lurking horror (Abyss:1)
  3 plants
  2 starspawn tentacles (Abyss:1)
  A withered plant (D:3)
10 creatures vanquished.

Grand Total: 657 creatures vanquished

Notes
Turn   | Place    | Note
-------+----------+-------------------------------------------
     0 | D:1      | Dragon00 the Minotaur Berserker began the quest for the
                  | Orb.
     0 | D:1      | Reached XP level 1. HP: 19/19 MP: 0/0
   407 | D:1      | Reached XP level 2. HP: 26/27 MP: 1/1
  1284 | D:2      | Noticed a wight
  1309 | D:2      | Found a transporter.
  1312 | D:2      | Found a transporter.
  1337 | D:2      | Found a basalt altar of Yredelemnul.
  1355 | D:2      | Reached XP level 3. HP: 29/33 MP: 2/2
  1362 | D:2      | Reached skill level 4 in Fighting
  1531 | D:2      | Reached ** piety under Trog
  1864 | D:2      | Identified the cursed +1 hand crossbow "Qowumo" {penet,
                  | *Corrode rF++ Str+4}
  1935 | D:2      | Noticed Menkaure
  1937 | D:2      | Found an ancient bone altar of Kikubaaqudgha.
  2399 | D:3      | Reached XP level 4. HP: 40/40 MP: 3/3
  2598 | D:3      | Reached skill level 5 in Axes
  2763 | D:3      | Found a burning altar of Makhleb.
  2767 | D:3      | Reached XP level 5. HP: 47/47 MP: 4/4
  2807 | D:3      | Noticed Robin
  2819 | D:3      | Killed Robin
  2906 | D:3      | Found a runed translucent gate.
  2906 | D:3      | Found a runed translucent gate.
  2906 | D:3      | Found a runed translucent gate.
  2907 | D:3      | Noticed Shaidar's ghost (amateur HOFi)
  2908 | D:3      | Noticed M4edhros's ghost (weakling OpNe)
  3387 | D:4      | Noticed Sigmund
  3392 | D:4      | Killed Sigmund
  3392 | D:4      | Reached skill level 5 in Fighting
  3392 | D:4      | Reached XP level 6. HP: 56/56 MP: 5/5
  3478 | D:4      | Noticed Blork the orc
  3489 | D:4      | Killed Blork the orc
  3738 | D:4      | Reached *** piety under Trog
  3747 | D:4      | Got a pair of distressingly furry gloves
  3964 | D:4      | Reached XP level 7. HP: 61/61 MP: 6/6
  3983 | D:4      | Reached skill level 5 in Armour
  4426 | D:5      | Entered Level 5 of the Dungeon
  4427 | D:5      | Identified the cursed +0 pair of gloves of Objectivity
                  | {rCorr Int+3} (You found it on level 4 of the Dungeon)
  4583 | D:5      | Found Itoth's Book Boutique.
  4622 | D:5      | Reached skill level 6 in Fighting
  4794 | D:5      | Reached skill level 5 in Dodging
  4822 | D:5      | Reached XP level 8. HP: 63/70 MP: 7/7
  4843 | D:5      | Noticed Grinder
  4860 | D:5      | Killed Grinder
  4891 | D:5      | Noticed Eustachio
  4902 | D:5      | Killed Eustachio
  4925 | D:5      | Noticed Edmund
  4950 | D:5      | Killed Edmund
  6054 | D:6      | Reached skill level 7 in Fighting
  6230 | D:6      | Reached XP level 9. HP: 79/79 MP: 8/8
  6400 | D:6      | Reached skill level 10 in Axes
  6501 | D:6      | Found a stormy altar of Qazlal.
  7198 | D:7      | Reached skill level 8 in Fighting
  7251 | D:7      | Upgraded the game from 0.24-a0-346-ge062c78e24 to
                  | 0.24-a0-347-g1a3e1d35ff
  7424 | D:7      | Noticed Prince Ribbit
  7438 | D:7      | Found a staircase to the Ecumenical Temple.
  7459 | Temple   | Entered the Ecumenical Temple
  7677 | D:7      | Found a shattered altar of Ashenzari.
  7757 | D:8      | Reached skill level 9 in Fighting
  7805 | D:8      | Found a blossoming altar of Fedhas.
  7817 | D:8      | Reached **** piety under Trog
  8105 | D:8      | Reached skill level 10 in Fighting
  8180 | D:8      | Reached XP level 10. HP: 85/93 MP: 9/9
  8345 | D:8      | Found a radiant altar of Vehumet.
  8627 | D:9      | Reached skill level 11 in Fighting
  8977 | D:9      | Reached skill level 12 in Fighting
  9248 | D:9      | Found a staircase to the Orcish Mines.
  9413 | D:9      | Noticed a two-headed ogre
  9416 | D:9      | Killed a two-headed ogre
  9691 | D:10     | Entered Level 10 of the Dungeon
 10064 | D:10     | Noticed Fannar
 10086 | D:10     | Killed Fannar
 10086 | D:10     | Reached skill level 13 in Fighting
 10086 | D:10     | Reached XP level 11. HP: 82/107 MP: 10/10
 10498 | D:10     | Found Unair's Book Shop.
 10544 | D:10     | Reached ***** piety under Trog
 10974 | D:11     | Killed an unseen horror
 11112 | D:11     | Noticed Urug
 11123 | D:11     | Killed Urug
 11123 | D:11     | Reached skill level 14 in Fighting
 11300 | D:11     | Killed an unseen horror
 11552 | D:11     | Noticed a four-headed hydra
 11596 | D:10     | Killed a four-headed hydra
 11596 | D:10     | Reached skill level 10 in Armour
 11633 | D:11     | Reached skill level 15 in Fighting
 11872 | D:11     | Received a gift from Trog
 11901 | D:11     | Found a staircase to the Lair.
 12093 | D:11     | Reached skill level 16 in Fighting
 12306 | D:11     | Noticed a tengu warrior
 12310 | D:11     | Killed a tengu warrior
 12550 | D:12     | Reached XP level 12. HP: 121/124 MP: 11/11
 12560 | D:12     | Reached skill level 10 in Dodging
 12795 | D:12     | Noticed Rupert
 12817 | D:12     | Killed Rupert
 13181 | D:12     | Reached skill level 17 in Fighting
 13694 | D:12     | Noticed a two-headed ogre
 13698 | D:12     | Noticed Kirke
 13713 | D:12     | Killed Kirke
 13716 | D:12     | Killed a two-headed ogre
 14193 | Lair:1   | Entered Level 1 of the Lair of Beasts
 14193 | Lair:1   | Noticed Sonja
 14197 | D:11     | Received a gift from Trog
 14866 | Lair:1   | You fall into a shaft and drop 1 floor!
 15183 | Lair:2   | Noticed an eight-headed hydra
 15192 | Lair:2   | Killed an eight-headed hydra
 15192 | Lair:2   | Reached skill level 18 in Fighting
 15242 | Lair:2   | Found a staircase to the Shoals.
 15292 | Lair:2   | Found a dark tunnel.
 15297 | Volcano  | Entered a volcano
 15804 | Volcano  | Found a radiant altar of Vehumet.
 15816 | Volcano  | Reached XP level 13. HP: 99/134 MP: 12/12
 16024 | Volcano  | Noticed a red draconian
 16032 | Volcano  | Killed a red draconian
 17148 | Lair:1   | Cast into level 1 of the Abyss (Sonja)
 17152 | Abyss:1  | Noticed a tentacled starspawn
 17161 | Abyss:1  | Killed a tentacled starspawn
 17217 | Abyss:1  | Noticed a starcursed mass
 17232 | Abyss:1  | Received a gift from Trog
 17409 | Lair:1   | Escaped the Abyss
 18551 | Lair:3   | Reached skill level 19 in Fighting
 18969 | Lair:3   | Noticed Shaidar's ghost (journeyman MiBe)
 18970 | Lair:3   | Found a runed translucent gate.
 18971 | Lair:3   | Found a runed translucent gate.
 18971 | Lair:3   | Found a runed translucent gate.
 19375 | Lair:3   | Got a faintly glowing battleaxe
 19554 | Lair:4   | Identified the +10 battleaxe "Ykkiawet" {chop, Str+2} (You
                  | found it on level 3 of the Lair of Beasts)
 19849 | Lair:4   | Found a staircase to the Snake Pit.
 20730 | Lair:5   | Received a gift from Trog
 21330 | Lair:5   | Found a staircase to the Slime Pits.
 21464 | Lair:5   | Reached XP level 14. HP: 142/146 MP: 13/13
 21640 | Slime:1  | Entered Level 1 of the Pits of Slime
 21640 | Slime:1  | Noticed an acid blob
 21685 | Lair:6   | Entered Level 6 of the Lair of Beasts
 22925 | Lair:6   | Reached ****** piety under Trog
 23011 | Lair:6   | Reached skill level 15 in Axes
 23328 | Snake:1  | Entered Level 1 of the Snake Pit
 23415 | Snake:1  | Found a snail-covered altar of Cheibriados.
 23756 | Snake:1  | Found a frozen archway.
 23773 | IceCv    | Entered an ice cave
 23852 | IceCv    | Noticed a white very ugly thing
 23861 | IceCv    | Killed a white very ugly thing
 24117 | IceCv    | Noticed a white very ugly thing
 24458 | Snake:1  | Received a gift from Trog
 24499 | Snake:1  | Reached XP level 15. HP: 144/155 MP: 14/14
 25338 | Snake:2  | Found Dosameogh's Armour Boutique.
 25415 | Snake:2  | Reached skill level 20 in Fighting
 26141 | Snake:3  | Received a gift from Trog
 26399 | Snake:3  | Noticed Vashnia
 26433 | Snake:3  | Killed Vashnia
 26433 | Snake:3  | Reached skill level 15 in Armour
 26480 | Snake:3  | Shot with a bolt by a naga sharpshooter

Levels and vault maps discovered:
D:1:      dpeg_arrival_chase, layout_basic
D:2:      layout_basic, gammafunk_temple_of_torment
D:3:      layout_loops_ring, makhleb_grotto_becter, gammafunk_ghost_cemetery,
          solitary_fountain, uniq_robin
D:4:      layout_loops_ring, uniq_menkaure, uniq_sigmund, uniq_blork_the_orc
D:5:      layout_loops_ring, first_ration, serial_shops, shop_statue,
          serial_co_window_serial, co_window_paths_a, co_window_paths_b,
          co_window_paths_b, co_window_paths_b, co_window_paths_b,
          co_window_paths_b, co_window_broadway_b, co_window_of_opportunity_b,
          co_window_unsneaky_path_c, co_window_2corner, co_window_paths_e,
          co_window_4corner_b, glass_columns_a, glass_columns_a,
          glass_columns_a, uniq_eustachio, uniq_edmund, uniq_grinder
D:6:      layout_cave_pods, nicolae_qazlal_eye_of_the_storm,
          minmay_manual_macuahuitl
D:7:      layout_rooms, marbit_many_paths, minmay_temple_entry_gardened_gates,
          uniq_prince_ribbit1
D:8:      layout_basic, vehumet_statue, basic_altar, minmay_shattered_shrine
D:9:      layout_loops_cross, david_orc_4, minmay_fractal_squares_5
D:10:     layout_long_grid, serial_co_window_serial, co_window_paths_a,
          co_window_paths_a, co_window_corner_a, co_window_paths_b,
          co_window_corner_a, co_window_paths_a, co_window_corner_b,
          co_window_of_opportunity_b, co_window_2corner, co_window_corner_cb,
          co_window_4corner_a, co_window_paths_d, serial_shops, shop,
          special_room [special_room_orc], uniq_fannar
D:11:     layout_loops_cross, lair_entry_dummy, grunt_tengu_nest, uniq_urug
D:12:     layout_loops_corners, uniq_rupert, uniq_kirke
Temple:   regret_index_temple_sphere_string
Lair:1:   layout_roguey, uniq_sonja
Lair:2:   layout_layer_cave, shoals_dummy_entry, nicolae_volcano_entry_s_turn,
          infiniplex_staircase_pool
Lair:3:   layout_cave_pods, gammafunk_ghost_split, grunt_megastairs_2
Lair:4:   layout_cave_pods, minmay_snake_entry_guardpost_medium,
          grunt_megastairs_4
Lair:5:   layout_gridlike, minmay_slime_entry_pillars
Lair:6:   minmay_lair_end_enchanted_forest, layout_layer_cave,
          grunt_forest_small_clearings
Snake:1:  layout_chambers, portal_ice_cave_entry_pillars_three, basic_altar
Snake:2:  layout_grid_maze, serial_shops, shop, nicolae_snake_squiggles,
          abandoned_shop
Snake:3:  cheibrodos_snake_ritualist_ritual, layout_cave_pods, uniq_vashnia
Slime:1:  layout_caves

Skill      XL: |  1  2  3  4  5  6  7  8  9 10 11 12 13 14 15 |
---------------+----------------------------------------------+-----
Axes           | 4 5 6 7 9 11 12 13 15 16 | 16.6
Fighting       | 4 5 6 7 10 13 16 18 19 20 | 20.2
Armour         | 3 4 5 6 7 9 10 12 13 14 15 | 15.0
Dodging        | 3 4 5 6 7 8 9 11 12 13 | 13.9

Action                   |  1- 3 |  4- 6 |  7- 9 | 10-12 | 13-15 || total
-------------------------+-------+-------+-------+-------+-------++-------
Melee: Hand axe          |    89 |    92 |   277 |       |       ||   458
       Headbutt          |    12 |    16 |    72 |   106 |   160 ||   366
       War axe           |       |       |    16 |   114 |       ||   130
       Battleaxe         |       |       |       |   353 |   682 ||  1035
       Flail             |       |       |       |     2 |       ||     2
       Great mace        |       |       |       |     2 |     9 ||    11
 Fire: Hunting sling     |       |    17 |   111 |   249 |   168 ||   545
Throw: Stone             |    86 |     2 |       |       |       ||    88
       Boomerang         |       |    24 |    15 |    16 |    13 ||    68
Invok: Berserk           |       |     3 |     1 |    13 |    20 ||    37
       Trog's Hand       |       |     1 |     4 |    11 |    13 ||    29
       Brothers in Arms  |       |       |       |       |     1 ||     1
  Use: Scroll            |       |       |    19 |     8 |    14 ||    41
       Potion            |       |       |       |     1 |     1 ||     2
 Stab: Distracted        |       |       |       |     1 |       ||     1
  Eat: Chunk             |     4 |     8 |    16 |    23 |    17 ||    68
       Ration            |       |       |       |     6 |    12 ||    18
Armor: Animal skin       |     7 |       |       |       |       ||     7
       Ring mail         |     8 |     1 |       |       |       ||     9
       Scale mail        |       |    23 |    85 |    31 |       ||   139
       Plate armour      |       |       |       |   177 |   448 ||   625
Dodge: Dodged            |    50 |    55 |   194 |   282 |   536 ||  1117

Table legend:
 A = Non-vault XP
 B = Vault XP
 C = Vault XP percentage of total XP
 D = Non-vault monster count
 E = Vault monster count
 F = Vault count percentage of total count
                 A         B        C        D         E       F
            +---------+---------+-------+---------+---------+-------
      Total |   88127 |   39726 |  31.1 |     467 |     176 |  27.4
            +---------+---------+-------+---------+---------+-------
        D:1 |      32 |       0 |   0.0 |      17 |       0 |   0.0
        D:2 |      34 |       0 |   0.0 |      13 |       0 |   0.0
        D:3 |     105 |      88 |  45.6 |      28 |      14 |  33.3
        D:4 |     599 |     299 |  33.3 |      21 |       2 |   8.7
        D:5 |     566 |     641 |  53.1 |      18 |       3 |  14.3
        D:6 |    1068 |     262 |  19.7 |      25 |       5 |  16.7
        D:7 |     637 |      36 |   5.3 |      13 |       1 |   7.1
        D:8 |    1427 |    1032 |  42.0 |      19 |      11 |  36.7
        D:9 |    2511 |     959 |  27.6 |      30 |      19 |  38.8
       D:10 |    1960 |    1198 |  37.9 |      13 |      21 |  61.8
       D:11 |    5839 |    1728 |  22.8 |      44 |       2 |   4.3
       D:12 |    5301 |    6203 |  53.9 |      35 |       8 |  18.6
     Lair:1 |    2443 |       0 |   0.0 |      12 |       0 |   0.0
     Lair:2 |    2695 |       0 |   0.0 |       7 |       0 |   0.0
     Lair:3 |    5371 |     259 |   4.6 |      31 |       1 |   3.1
     Lair:4 |    1201 |    1061 |  46.9 |       7 |       7 |  50.0
     Lair:5 |    6952 |     625 |   8.2 |      23 |       4 |  14.8
     Lair:6 |   13986 |    9007 |  39.2 |      39 |      45 |  53.6
    Snake:1 |   12752 |       0 |   0.0 |      26 |       0 |   0.0
    Snake:2 |    7636 |       0 |   0.0 |      13 |       0 |   0.0
    Snake:3 |    9017 |    7228 |  44.5 |      19 |       6 |  24.0
    Abyss:1 |    5995 |       0 |   0.0 |      14 |       0 |   0.0
      IceCv |       0 |    3618 | 100.0 |       0 |      12 | 100.0
    Volcano |       0 |    5482 | 100.0 |       0 |      15 | 100.0
            +---------+---------+-------+---------+---------+-------
